 Dungeon Crawl Stone Soup version 0.24-a0-582-g4d4af813a0 (webtiles) character file.

Game seed: 9446787334465479813

25 Mame the Chopper (level 3, 28/33 HPs)
             Began as a Hill Orc Fighter on Aug 26, 2019.
             Was a Follower of Cheibriados.
             Got out of the dungeon alive.
             The game lasted 00:02:36 (723 turns).

Mame the Chopper (Hill Orc Fighter)                  Turns: 723, Time: 00:02:36

Health: 28/33      AC:  6    Str: 21    XL:     3   Next: 4%
Magic:  3/3        EV:  9    Int: 10    God:    Cheibriados [*.....]
Gold:   69         SH:  0    Dex: 12    Spells: 2/2 levels left

rFire    + . .     SeeInvis .   a - +0 war axe
rCold    . . .     Gourm    .   (no shield)
rNeg     . . .     Faith    .   b - +0 scale mail
rPois    .         Spirit   .   (no helmet)
rElec    .         Reflect  .   (no cloak)
rCorr    .         Harm     .   (no gloves)
MR       .....                  (no boots)
Stlth    ..........             (no amulet)
HPRegen  0.11/turn              k - ring of protection from fire
MPRegen  0.08/turn              (no ring)

@: very slow
A: no striking features
a: Bend Time, Renounce Religion


You escaped.
You worshipped Cheibriados.
Cheibriados was aware of your devotion.
You were not hungry.

You visited 1 branch of the dungeon, and saw 2 of its levels.

You collected 69 gold pieces.

Inventory:

Hand Weapons
 a - a +0 war axe (weapon)
Armour
 b - a +0 scale mail (worn)
 c - a +0 shield
Jewellery
 k - a ring of protection from fire (left hand)
Scrolls
 h - a scroll of enchant weapon {unknown}
 i - a scroll of random uselessness {unknown}
Potions
 d - 2 potions of might
 j - a potion of cancellation {unknown}
Comestibles
 f - a ration


   Skills:
 - Level 3.7 Fighting
 * Level 4.3 Axes
 - Level 3.3 Armour
 - Level 3.3 Shields


You had 2 spell levels left.
You didn't know any spells.
Your spell library was empty.

Dungeon Overview and Level Annotations

Branches:
Dungeon (2/15)

Altars:
Cheibriados


Message History

Press < or > to pray at altars.
You cannot tell which god this altar belongs to.
Convert to them anyway?
Cheibriados accepts your prayer! Cheibriados welcomes you!
Cheibriados begins to support your attributes as your movement slows.
You can now bend time to slow others.
Cheibriados is now slowing and strengthening your metabolism.
Cheibriados raises the support of your attributes as your movement slows.
Clearing level map.
Okay, then.
There is an open door here.
There is an open door, spattered with blood here.
There is a stone staircase leading up here.
You climb upwards.
There is a stone staircase leading down here.
There is an open gate here.
There is an open door here.
There is a staircase leading out of the dungeon here.
Are you sure you want to leave the Dungeon?
This will make you lose the game!
You have escaped!

###################
#....#.......#....#
#.@..#.8...8.[..⌠.#
#....#...⌠...#....#
#....'.....8.#....#
###..#.......#..###
####..8.8..####♣♣
#♣♣♣ #.......# ♣♣♣.
#..♣♣###...###♣♣...
#♣..♣♣♣#'''#♣♣♣....
♣...............##


There were no monsters in sight!

Vanquished Creatures
  A worm (D:2)
  2 leopard geckos (D:1)
  4 bats
  2 giant cockroaches (D:1)
  4 hobgoblins
  A frilled lizard (D:1)
  5 kobolds (D:1)
19 creatures vanquished.

Notes
Turn   | Place    | Note
-------+----------+-------------------------------------------
     0 | D:1      | Mame the Hill Orc Fighter began the quest for the Orb.
     0 | D:1      | Reached XP level 1. HP: 19/19 MP: 1/1
   113 | D:1      | Reached skill level 3 in Axes
   114 | D:1      | Reached XP level 2. HP: 21/27 MP: 2/2
   404 | D:1      | Reached skill level 4 in Axes
   651 | D:2      | Found a faded altar of an unknown god.
   662 | D:2      | Reached XP level 3. HP: 19/33 MP: 3/3
   668 | D:2      | Became a worshipper of Cheibriados the Contemplative
   668 | D:2      | Reached * piety under Cheibriados
   723 | D:$      | Got out of the dungeon alive.

Levels and vault maps discovered:
D:1:      sevenhm_arrival_forest_fort_large_2, layout_basic
D:2:      layout_basic, chequers_ecumenical_altar_simple_redux

Skill      XL: |  1  2 |
---------------+-------+-----
Axes           | 3 4 |  4.3
Fighting       | |  3.7
Armour         | |  3.3
Shields        | |  3.3

Action                   || total
-------------------------++-------
Melee: War axe           ||    53
  Use: Scroll            ||     1
Armor: Scale mail        ||    56
Dodge: Dodged            ||    37

Table legend:
 A = Non-vault XP
 B = Vault XP
 C = Vault XP percentage of total XP
 D = Non-vault monster count
 E = Vault monster count
 F = Vault count percentage of total count
                 A         B        C        D         E       F
            +---------+---------+-------+---------+---------+-------
      Total |      36 |       0 |   0.0 |      19 |       0 |   0.0
            +---------+---------+-------+---------+---------+-------
        D:1 |      28 |       0 |   0.0 |      16 |       0 |   0.0
        D:2 |       8 |       0 |   0.0 |       3 |       0 |   0.0
            +---------+---------+-------+---------+---------+-------
